 Dungeon Crawl Stone Soup version 0.17.0-26-gececa24 (console) character file.

9448 gw the Archer (level 11, -12/95 HPs)
             Began as a Minotaur Hunter on Nov 20, 2015.
             Was a Priest of Cheibriados.
             Mangled by a slime creature (15 damage)
             ... on level 10 of the Dungeon.
             The game lasted 00:09:25 (10853 turns).

gw the Archer (Minotaur Hunter)                    Turns: 10853, Time: 00:09:25

Health: -12/95     AC: 17    Str: 25    XL:     11   Next: 23%
Magic:  11/14      EV: 14    Int: 15    God:    Cheibriados [***...]
Gold:   400        SH:  0    Dex: 22    Spells: 0 memorised, 10 levels left

rFire  + . .     SeeInvis .     b - +0 morningstar
rCold  + . .     Clarity  .     p - +2 chain mail {rF+}
rNeg   . . .     SustAt   .     (no shield)
rPois  .         Gourm    .     (helmet restricted)
rElec  .         Spirit   .     (no cloak)
rCorr  .         Warding  .     (no gloves)
rMut   .         Stasis   .     y - +2 pair of boots
MR     .....                    (no amulet)
Stlth  ..........               u - ring of protection from cold
                                o - +1 ring of protection

@: very slow, not resistant to hostile enchantments, extremely unstealthy
A: retaliatory headbutt, horns 2, agile 1
a: Bend Time, Temporal Distortion, Renounce Religion


You were on level 10 of the Dungeon.
You worshipped Cheibriados.
Cheibriados was most pleased with you.
You were near starving.

You visited 1 branch of the dungeon, and saw 10 of its levels.

You collected 400 gold pieces.

Inventory:

Hand Weapons
 a - a +2 shortbow
 b - a +0 morningstar (weapon)
Missiles
 d - 94 arrows
 j - 18 poisoned arrows
 v - 18 arrows of frost
 z - 12 arrows of dispersal
Armour
 p - a +2 chain mail of fire resistance (worn)
 y - a +2 pair of boots (worn)
Jewellery
 o - a +1 ring of protection (left hand)
 u - a ring of protection from cold (right hand)
Wands
 c - a wand of paralysis (12)
 m - a wand of teleportation (0)
 q - a wand of fireball (3)
 t - a wand of magic darts (18)
 x - a wand of lightning (3)
Scrolls
 f - 14 scrolls of identify
 n - a scroll of remove curse
 w - a scroll of enchant armour
 C - a scroll of recharging {unknown}
Potions
 h - 3 potions of heal wounds
 k - a potion of flight
 l - 2 potions of curing
 A - a potion of brilliance {unknown}
Comestibles
 e - 3 bread rations
 g - a royal jelly
 i - 4 slices of pizza
 r - 2 meat rations
 s - 2 beef jerkies


   Skills:
 + Level 8.7 Fighting
 + Level 8.0 Maces & Flails
 * Level 11.1 Bows
 + Level 8.0 Armour
 + Level 7.4 Dodging
 - Level 0.7 Stealth
 + Level 6.4 Invocations


You had 10 spell levels left.
You didn't know any spells.

Dungeon Overview and Level Annotations

Branches:
Dungeon (10/15)            Temple (0/1) D:4            Lair (0/8) D:8
    Orc: D:9-12

Altars:
Ashenzari
Cheibriados
Dithmenos
Elyvilon
Kikubaaqudgha
Makhleb
Okawaru
Qazlal
Ru
Trog
Zin
The Shining One

Shops:
D:4 ?   D:10 %


Innate Abilities, Weirdness & Mutations

You reflexively headbutt those who attack you in melee.
You have a pair of horns on your head.
You are agile. (Dex +2)


Message History

You hit the slime creature. You headbutt the slime creature!
The slime creature is severely wounded.
The slime creature misses you. You furiously retaliate!
You headbutt the slime creature!
The slime creature hits you but does no damage.
The slime creature barely misses you.
Evoke which item? (* to show all) (? for menu, Esc to quit)
Zapping:
q - a wand of fireball (will waste charges)
Press: ? - help, Shift-Dir - straight line, f/p - slime creature
Aim: a slime creature (severely wounded, slow) That beam is likely to hit you.
Continue anyway?
Okay, then.
ATTACKING (-1,0)
You sock the slime creature!
The slime creature is almost dead.
The slime creature is no longer moving slowly.
The large slime creature hits you!!
The slime creature hits you but does no damage.
The slime creature hits you!
You die...

........####.....# #........#
...........#.....# #..#####.#
...........#.....# #..'...#.#
#######'####.....# #..#...#.#
.................# #..#...#.#
##...............# #..#...#.#
#.....########..# #..#...#.#
#.....#......#..# #..#...#.<
#.....#......#JH# #+#+#..#####..
#.....#......#JJ# #.............
#.....#......(..# #.....#####...
#.....#.....(#... #.....#
#.....########..###.....+ ...
#.......................# ...
#...........#########...###+#...
##...........# #.........#
.............# #.........#


You could see a large slime creature and 2 slime creatures.

Table legend:
 A = Turns spent in this place as a percentage of turns spent in the entire game.
 B = Non-inter-level travel turns spent in this place as a percentage of non-inter-level travel turns spent in the entire game.
 C = Inter-level travel turns spent in this place as a percentage of turns spent in this place.
 D = Turns resting spent in this place as a percentage of non-inter-level travel turns spent in this place.
 E = Turns spent auto-exploring this place as a percentage of non-inter-level travel turns spent in this place.
 F = Non-inter-level travel turns spent in this place divided by the number of levels of this place that you've seen.
                   A       B       C       D       E      F
               +-------+-------+-------+-------+-------+----------------------
         Total | 100.0 | 100.0 |   0.4 |   1.0 |   2.2 | 1650.6
       Dungeon | 100.0 | 100.0 |   0.4 |   1.0 |   2.2 | 1650.6
               +-------+-------+-------+-------+-------+----------------------

Table legend:
 A = Kills in this place as a percentage of kills in entire the game.
 B = Kills by you in this place as a percentage of kills by you in the entire game.
 C = Kills by friends in this place as a percentage of kills by friends in the entire game.
 D = Other kills in this place as a percentage of other kills in the entire game.
 E = Experience gained in this place as a percentage of experience gained in the entire game.
 F = Experience gained in this place divided by the number of levels of this place that you have seen.
                   A       B       C       D       E      F
               +-------+-------+-------+-------+-------+----------------------
         Total | 100.0 | 100.0 |  -nan |  -nan | 100.0 | 1349.8
       Dungeon | 100.0 | 100.0 |  -nan |  -nan | 100.0 | 1349.8
               +-------+-------+-------+-------+-------+----------------------

Vanquished Creatures
  Fannar (D:10)
  The ghost of gw the Basher, a novice DDAK of Lugonu (D:10)
  A queen ant (D:8)
  A hill giant (D:10)
  A slime creature (D:10)
  The ghost of gw the Cudgeler, a novice DDGl of Yredelemnul (D:5)
  Joseph (D:7)
  A troll (D:10)
  A two-headed ogre (D:9)
  A trapdoor spider (D:10)
  A deep elf mage (D:10)
  2 hippogriffs (D:7)
  4 soldier ants (D:8)
  A water moccasin (D:5)
  2 hungry ghosts
  2 ice beasts (D:10)
  An eye of draining (D:9)
  3 orc warriors
  A phantom (D:7)
  2 sky beasts
  2 big kobolds
  A crocodile (D:9)
  4 centaurs
  5 giant frogs
  3 scorpions
  A water moccasin skeleton (D:8)
  A wyvern skeleton (D:8)
  10 killer bees (D:7)
  3 wights (D:8)
  5 crimson imps
  A giant frog zombie (D:10)
  A giant frog skeleton (D:10)
  2 jellies
  2 orc priests
  2 hounds
  4 iguanas
  5 orc wizards
  3 centaur skeletons
  2 quasits
  Natasha (thrice) (D:4)
  32 worker ants
  A hound zombie (D:10)
  2 worker ant zombies (D:5)
  Robin (D:4)
  4 adders
  4 river rats (D:3)
  2 shadow imps
  An adder skeleton (D:4)
  A worm (D:2)
  4 giant geckos
  35 orcs
  7 giant cockroaches
  18 goblins
  12 hobgoblins
  10 jackals
  3 quokkas
  5 bats
  A giant gecko skeleton (D:4)
  A giant gecko zombie (D:7)
  2 giant newts (D:2)
  9 kobolds
  2 quokka skeletons
  7 rats
  2 plants (D:3)
255 creatures vanquished.

Notes
Turn   | Place    | Note
--------------------------------------------------------------
     0 | D:1      | gw the Minotaur Hunter began the quest for the Orb.
     0 | D:1      | Reached XP level 1. HP: 18/18 MP: 0/0
   291 | D:1      | Reached skill level 1 in Armour
   433 | D:1      | Reached XP level 2. HP: 25/25 MP: 1/1
  1097 | D:2      | Reached XP level 3. HP: 30/30 MP: 2/2
  1453 | D:2      | Found a shadowy altar of Dithmenos.
  1454 | D:2      | Found a snail-covered altar of Cheibriados.
  1458 | D:2      | Became a worshipper of Cheibriados the Contemplative
  1538 | D:3      | Reached skill level 5 in Bows
  1625 | D:3      | Reached skill level 1 in Maces & Flails
  1706 | D:3      | Found a stormy altar of Qazlal.
  1928 | D:3      | Found a sacrificial altar of Ru.
  2095 | D:3      | Reached XP level 4. HP: 38/38 MP: 3/3
  2375 | D:3      | Reached skill level 1 in Invocations
  2548 | D:4      | Noticed Natasha
  2613 | D:4      | Found a staircase to the Ecumenical Temple.
  2630 | D:4      | Killed Natasha
  2630 | D:4      | Reached XP level 5. HP: 36/45 MP: 4/4
  2761 | D:4      | Found Ginnausk's Magic Scroll Emporium.
  2791 | D:4      | Reached * piety under Cheibriados
  3162 | D:4      | Noticed a centaur
  3165 | D:4      | Killed a centaur
  3165 | D:4      | Reached skill level 6 in Bows
  3165 | D:4      | Reached XP level 6. HP: 42/52 MP: 6/6
  3291 | D:4      | Found a shattered altar of Ashenzari.
  3378 | D:4      | Noticed Natasha
  3385 | D:4      | Killed Natasha
  3486 | D:4      | Reached ** piety under Cheibriados
  3487 | D:4      | Noticed Robin
  3502 | D:4      | Killed Robin
  3781 | D:4      | Noticed Natasha
  3790 | D:4      | Killed Natasha
  3916 | D:4      | Gained mutation: You are agile. (Dex +2) [potion of beneficial mutation]
  4052 | D:5      | Entered Level 5 of the Dungeon
  4052 | D:5      | Noticed a water moccasin
  4072 | D:5      | Killed a water moccasin
  4072 | D:5      | Reached XP level 7. HP: 24/59 MP: 1/7
  4495 | D:5      | Found a white marble altar of Elyvilon.
  4495 | D:5      | Found a glowing silver altar of Zin.
  4827 | D:5      | Reached skill level 7 in Bows
  4895 | D:5      | Found a glowing golden altar of the Shining One.
  4952 | D:5      | Noticed gw's ghost (novice DDGl)
  4978 | D:5      | Killed gw's ghost
  4978 | D:5      | Reached skill level 5 in Fighting
  4978 | D:5      | Reached XP level 8. HP: 49/68 MP: 1/9
  5908 | D:6      | Found a burning altar of Makhleb.
  6101 | D:6      | Found an iron altar of Okawaru.
  6262 | D:6      | Reached *** piety under Cheibriados
  6593 | D:7      | Noticed Joseph
  6704 | D:7      | Reached skill level 8 in Bows
  6772 | D:7      | Killed Joseph
  6772 | D:7      | Reached skill level 5 in Maces & Flails
  6772 | D:7      | Reached skill level 5 in Armour
  6772 | D:7      | Reached skill level 5 in Dodging
  6772 | D:7      | Reached XP level 9. HP: 19/75 MP: 1/11
  7769 | D:7      | Reached skill level 9 in Bows
  8362 | D:8      | Reached **** piety under Cheibriados
  8439 | D:8      | Found a bloodstained altar of Trog.
  8556 | D:8      | Found a staircase to the Lair.
  8826 | D:8      | Reached skill level 5 in Invocations
  8885 | D:8      | Reached XP level 10. HP: 86/86 MP: 12/12
  8913 | D:8      | Noticed a queen ant
  8924 | D:8      | Killed a queen ant
  9065 | D:8      | Reached skill level 10 in Bows
  9603 | D:9      | Found an ancient bone altar of Kikubaaqudgha.
  9633 | D:9      | You fall through a shaft!
  9633 | D:10     | Entered Level 10 of the Dungeon
  9655 | D:10     | Noticed a hill giant
  9664 | D:10     | Killed a hill giant
  9892 | D:10     | Found a snail-covered altar of Cheibriados.
 10005 | D:10     | Noticed gw's ghost (novice DDAK)
 10022 | D:10     | Killed gw's ghost
 10022 | D:10     | Reached XP level 11. HP: 68/95 MP: 2/14
 10171 | D:10     | Found Eqaellol's Food Shop.
 10253 | D:10     | Noticed Fannar
 10278 | D:10     | Killed Fannar
 10501 | D:10     | Reached skill level 11 in Bows
 10853 | D:10     | HP: 3/95 [large slime creature (30)]
 10853 | D:10     | Mangled by a slime creature

Action                   |  1- 3 |  4- 6 |  7- 9 | 10-12 || total
-------------------------+-------+-------+-------+-------++-------
Melee: Short sword       |    14 |       |       |       ||    14
       Whip              |    29 |    83 |     7 |       ||   119
       Flail             |       |       |    43 |       ||    43
       Morningstar       |       |       |   117 |   150 ||   267
 Fire: Shortbow          |    89 |    70 |   127 |   121 ||   407
Invok: Bend Time         |       |     6 |    11 |    10 ||    27
       Temporal Distorti |       |       |     2 |     4 ||     6
       Slouch            |       |       |       |     3 ||     3
Evoke: Wand              |       |     6 |     2 |     4 ||    12
  Use: Scroll            |     7 |     4 |     7 |       ||    18
       Potion            |     2 |    10 |     3 |     3 ||    18
  Eat: Chunk             |     3 |     1 |     9 |     4 ||    17
       Bread ration      |       |     1 |       |       ||     1

Vault maps used:
D:1:      mainiacjoe_arrival_reflecting_pool, wad_floor_pattern_untrapped
D:2:      gammafunk_temple_overflow_statue
D:3:      wad_woods_stonehenge, nicolae_qazlal_general_emergency
D:4:      kennysheep_goblin_castle, ashenzari_conservatory_becter,
          temple_statues, serial_shops, shop, st_stairs_14, uniq_natasha
D:5:      old_standard_altar, grunt_temple_overflow_open, first_bread
D:6:      marbit_many_paths, lemuel_crystal_altar, minmay_misc_feat_plants
D:7:      uniq_joseph
D:8:      minmay_klotski, lemuel_doored_altar, zaba_antful_of_joy
D:9:      kennysheep_mini_moat, tgw_sif
D:10:     serial_shops, shop, basic_altar, uniq_fannar
